 Dungeon Crawl Stone Soup version 0.31.0-4-g52a2dc7128 (webtiles) character file.

Game seed: 16821515414097106163

28 Fv001 the Trooper (level 2, 0/24 HPs)
             Began as a Demonspawn Fighter on Jan 23, 2024.
             Slain by a rat (2 damage)
             ... on level 2 of the Dungeon.
             The game lasted 00:02:13 (826 turns).

Fv001 the Trooper (Demonspawn Fighter)               Turns: 826, Time: 00:02:14

Health: 0/24       AC:  6    Str: 16    XL:     2   Next: 96%
Magic:  2/2        EV:  8    Int:  8    God:
Gold:   121        SH:  4    Dex: 12    Spells: 1/1 levels left

rFire   . . .        a - +0 war axe
rCold   . . .        c - +0 buckler
rNeg    + . .        o - +0 scale mail
rPois   .            (no helmet)
rElec   .            (no cloak)
rCorr   .            (no gloves)
SInv    .            (no boots)
Will    +....        (no amulet) Stlth
                     l - ring of positive energy
HPRegen 0.24/turn    (no ring)
MPRegen 0.08/turn

%: no passive effects
@: mighty, enlightened, flying
A: ignite blood 1
a: no special abilities


You were on level 2 of the Dungeon.
You visited 1 branch of the dungeon, and saw 2 of its levels.

You collected 121 gold pieces.

Inventory:

Hand Weapons
 a - a +0 war axe (weapon)
 b - a +0 mace
Missiles
 e - 4 darts of dispersal
 h - 4 poisoned darts
 n - 3 javelins (quivered)
Armour
 c - a +0 buckler (worn)
 o - a +0 scale mail (worn)
Jewellery
 g - a ring of ice
 l - a ring of positive energy (left hand)
Potions
 f - a potion of heal wounds {unknown}
 j - a potion of attraction {unknown}
 k - a potion of brilliance {unknown}
 m - a potion of enlightenment


   Skills:
 + Level 3.2 Fighting
 + Level 2.4 Axes
 + Level 2.9 Armour
 + Level 2.9 Shields


You had one spell level left.
You didn't know any spells.
Your spell library was empty.

Dungeon Overview and Level Annotations

Branches:
Dungeon (2/15)

Altars:


Innate Abilities, Weirdness & Mutations

Your demonic aura sometimes causes spilled blood to erupt in flames.


Message History

The adder is severely wounded.
You feel very sick. The adder barely misses you.
The adder bites you but does no damage.
You miss the adder.
The adder is severely wounded.
You feel sick. The adder bites you. The adder bites you but does no damage.
You closely miss the adder.
The adder is severely wounded.
You feel sick. You block the adder's attack.
You hit the adder but do no damage.
The adder is heavily wounded.
You feel sick. The adder bites you but does no damage. The adder bites you.
You are more poisoned.
The adder poisons you!
You completely miss the adder.
The adder is heavily wounded.
* * * LOW HITPOINT WARNING * * *
You feel very sick. The adder closely misses you.
The adder bites you but does no damage.
It was a potion of enlightenment.
You feel very buoyant.
You fly up into the air.
You feel sick. The adder bites you but does no damage.
You feel very mighty all of a sudden.
You feel sick.
The adder bites you but does no damage. x2
You miss the adder.
The adder is heavily wounded.
You feel sick.
The adder bites you but does no damage. x2
You hit the adder.
The adder is almost dead.
* * * LOW HITPOINT WARNING * * *
You feel sick.
You are no longer poisoned.
The adder bites you but does no damage. x2
You closely miss the adder.
The adder is almost dead.
The adder bites you but does no damage.
You slash the adder!
You kill the adder!
The rat bites you.
You die...

#. .# #.#.# <#
#.#.#
....##.#.#
..(....#.#
.........#
......#..#
......r@.##
......##..##
####+ ##..#
##.# #.# #.####
######. #....##
#.....
####..###...#.#
##..##...#^#


You could see a rat.

Vanquished Creatures
  An adder (D:2)
  A dart slug (D:2)
  4 ball pythons (D:1)
  2 bats (D:1)
  3 endoplasms
  A giant cockroach (D:1)
  A goblin (D:1)
  6 jackals (D:1)
  2 frilled lizards
  2 kobolds (D:1)
  A rat (D:1)
24 creatures vanquished.

Notes
Turn   | Place    | Note
-------+----------+-------------------------------------------
     0 | D:1      | Fv001 the Demonspawn Fighter began the quest for the Orb.
     0 | D:1      | Reached XP level 1. HP: 18/18 MP: 1/1
    77 | D:1      | Gained mutation: Your demonic aura sometimes causes spilled
                  | blood to erupt in flames. [demonic ancestry]
    77 | D:1      | Reached XP level 2. HP: 24/24 MP: 2/2
   826 | D:2      | Slain by a rat

Illustrated notes

Levels and vault maps discovered:
D:1:      dpeg_arrival_boxes_within_box, layout_rooms
D:2:      minmay_alternating_diamond, layout_basic,
          ebering_dispersal_statue_hall

Skill      XL: |  1  2 |
---------------+-------+-----
Axes           | 2 |  2.4
Fighting       | |  3.2
Armour         | |  2.9
Shields        | |  2.9

Action                     || total
---------------------------++-------
  Melee: War axe           ||    68
  Throw: Dart              ||    13
    Use: Potion            ||     2
         Scroll            ||     1
 Armour: Scale mail        ||    57
  Dodge: Dodged            ||    32
  Block: Buckler           ||    20
